 Dungeon Sprint DCSS version 0.23-a0-321-g6bcb69f (webtiles) character file.

509 emperorscorpion the Thrower (level 7, -12/38 HPs)
             Began as a Vine Stalker Hunter on Oct 16, 2018.
             Was a Follower of Okawaru.
             Killed from afar by a gargoyle (24 damage)
             ... with a stone arrow
             ... in the Dungeon (Sprint IX: "|||||||||||||||||||||||||||||").
             The game lasted 00:01:24 (129 turns).

emperorscorpion the Thrower (Vine Stalker Hunter)    Turns: 129, Time: 00:01:24

Health: -12/38     AC: 10    Str: 18    XL:     7   Next: 19%
Magic:  0/8        EV: 12    Int: 11    God:    Okawaru [*.....]
Gold:   0          SH:  0    Dex: 16    Spells: 6/6 levels left

rFire    . . .     SeeInvis .   a - +3 war axe (flame)
rCold    . . .     Gourm    .   (no shield)
rNeg     . . .     Faith    .   s - +1 scale mail
rPois    .         Spirit   +   (no helmet)
rElec    .         Reflect  .   (no cloak)
rCorr    .         Harm     .   r - +0 pair of gloves
MR       .....     NoTele   +   (no boots)
Stlth    +.........             (no amulet)
HPRegen  0.52/turn              t - +2 ring of protection
MPRegen  0.11/turn              u - +3 ring of strength

@: no status effects
A: fangs 2, regeneration 1, magic shield, antimagic bite, no potion heal 3, rot
immunity
a: Heroism, Renounce Religion


You were in the Dungeon.
You worshipped Okawaru.
Okawaru was aware of your devotion.
You were not hungry.

You visited 1 branch

Inventory:

Hand Weapons
 a - a +3 war axe of flaming (weapon)
 p - a +4 quarterstaff of speed
 q - a +0 short sword
Missiles
 c - 6 javelins (quivered)
 d - 2 throwing nets
Armour
 b - a +0 leather armour
 r - a +0 pair of gloves (worn)
 s - a +1 scale mail (worn)
Magical Staves
 o - an uncursed staff of energy
Jewellery
 t - a +2 ring of protection (left hand)
 u - a +3 ring of strength (right hand)
Wands
 n - a wand of acid (6)
Scrolls
 k - 2 scrolls of blinking
 l - 3 scrolls of remove curse
 m - 2 scrolls of amnesia
Potions
 e - 5 potions of curing
 g - 3 potions of heal wounds
 h - a potion of haste
 i - 4 potions of magic
 j - a potion of invisibility
Comestibles
 f - a ration


   Skills:
 + Level 4.4 Fighting
 - Level 2.3 Short Blades
 + Level 2.6 Axes
 + Level 11.6 Throwing
 + Level 2.4 Armour
 + Level 3.7 Dodging
 + Level 2.8 Stealth
 + Level 1.2 Evocations


You had 6 spell levels left.
You didn't know any spells.
Your spell library was empty.

Dungeon Overview and Level Annotations

Branches:
Dungeon (1/1)

Altars:
Cheibriados
Dithmenos
Elyvilon
Fedhas
Gozag
Hepliaklqana
Kikubaaqudgha
Makhleb
Nemelex Xobeh
Okawaru
Qazlal
Ru
Sif Muna
Trog
Uskayaw
Vehumet
Wu Jian
Xom
Yredelemnul
Zin
The Shining One
Beogh
Jiyva
Lugonu


Innate Abilities, Weirdness & Mutations

You have extremely sharp teeth.
Your natural rate of healing is unusually fast.
When hurt, damage is shared between your health and your magic reserves.
Your bite disrupts and absorbs the magic of your enemies.
Potions cannot restore your health.
You are immune to rotting.


Message History

Aiming: Corrosive Bolt
Press: ? - help, Shift-Dir - straight line, f/p - troll
Aim: a troll (almost dead, covered in acid)
The bolt of acid hits the troll.
The troll is splashed with acid.
The acid corrodes the troll!
You kill the troll!
Okawaru is honoured by your kill.
You can now gain great but temporary skills.
Your Fighting skill increases to level 4!
Your Axes skill increases to level 2!
Your Throwing skill increases to level 11!
Your Armour skill increases to level 2!
Your Evocations skill increases to level 1!
You have reached level 7!
The bolt of acid hits the gargoyle.
The gargoyle appears unharmed.
The gargoyle is moderately damaged.
The gargoyle hurls a stone arrow at you.
The stone arrow hits you!
Ouch! That really hurt!
You die... ▓▓▓▓▓▓▓▓▓▓▓▓▓▓▓▓▓▓▓▓▓▓▓▓ .....9)@..[.)...'_______ ▓▓▓▓▓▓▓▓▓▓▓▓▓▓▓▓▓▓▓▓▓▓▓▓

You could see a gargoyle.

Vanquished Creatures
  A troll (D)
  A sky beast (D)
  An ogre (D)
  A hound (D)
  2 iguanas (D)
  A worker ant (D)
  An adder (D)
  A dart slug (D)
  2 giant cockroaches (D)
  A jackal (D)
  A leopard gecko zombie (D)
  A quokka zombie (D)
  A rat (D)
15 creatures vanquished.

Notes
Turn   | Place    | Note
-------+----------+-------------------------------------------
     0 | D        | emperorscorpion the Vine Stalker Hunter began the quest for
                  | the Orb.
     0 | D        | Reached XP level 1. HP: 11/11 MP: 2/2
     5 | D        | Reached skill level 4 in Throwing
    16 | D        | Reached XP level 2. HP: 14/15 MP: 3/3
    23 | D        | Noticed a sky beast
    28 | D        | Reached skill level 1 in Short Blades
    28 | D        | Reached skill level 6 in Throwing
    28 | D        | Reached XP level 3. HP: 18/18 MP: 4/4
    35 | D        | Killed a sky beast
    35 | D        | Reached skill level 8 in Throwing
    35 | D        | Gained mutation: Your natural rate of healing is unusually
                  | fast. [Vine Stalker growth]
    35 | D        | Reached XP level 4. HP: 23/23 MP: 3/5
    35 | D        | Reached XP level 5. HP: 28/28 MP: 3/6
    37 | D        | Reached skill level 9 in Throwing
    47 | D        | Reached skill level 1 in Armour
    53 | D        | Found a roughly hewn altar of Beogh.
    53 | D        | Found a snail-covered altar of Cheibriados.
    53 | D        | Found a shadowy altar of Dithmenos.
    53 | D        | Found a white marble altar of Elyvilon.
    53 | D        | Found a blossoming altar of Fedhas.
    53 | D        | Found an opulent altar of Gozag.
    54 | D        | Found a hazy altar of Hepliaklqana.
    55 | D        | Found a viscous altar of Jiyva.
    56 | D        | Found an ancient bone altar of Kikubaaqudgha.
    57 | D        | Found a corrupted altar of Lugonu.
    58 | D        | Found a burning altar of Makhleb.
    59 | D        | Found a sparkling altar of Nemelex Xobeh.
    60 | D        | Found an iron altar of Okawaru.
    61 | D        | Found a stormy altar of Qazlal.
    62 | D        | Found a sacrificial altar of Ru.
    63 | D        | Found a deep blue altar of Sif Muna.
    64 | D        | Found a bloodstained altar of Trog.
    65 | D        | Found a hide-covered altar of Uskayaw.
    66 | D        | Found a radiant altar of Vehumet.
    67 | D        | Found an ornate altar of the Wu Jian Council.
    68 | D        | Became a worshipper of Warmaster Okawaru
    69 | D        | Found a shimmering altar of Xom.
    70 | D        | Found a basalt altar of Yredelemnul.
    71 | D        | Found a glowing silver altar of Zin.
    72 | D        | Found a glowing golden altar of the Shining One.
   118 | D        | Noticed a gargoyle
   118 | D        | Noticed a troll
   118 | D        | Noticed an ogre
   123 | D        | Killed an ogre
   123 | D        | Reached skill level 1 in Axes
   123 | D        | Reached skill level 10 in Throwing
   123 | D        | Reached XP level 6. HP: 32/32 MP: 7/7
   129 | D        | Killed a troll
   129 | D        | Reached * piety under Okawaru
   129 | D        | Reached skill level 11 in Throwing
   129 | D        | Reached skill level 1 in Evocations
   129 | D        | Reached XP level 7. HP: 11/38 MP: 1/8
   129 | D        | Killed from afar by a gargoyle

Vault maps used:
D:        linesprint

Skill      XL: |  1  2  3  4  5  6 |
---------------+-------------------+-----
Throwing       | 4 6 8 10 11 | 11.6
Fighting       | 2 3 4 |  4.4
Short Blades   | 1 2 |  2.3
Dodging        | 2 3 |  3.7
Armour         | 1 2 |  2.4
Axes           | 1 2 |  2.6
Stealth        | 2 |  2.8
Evocations     | 1 |  1.2

Action                   |  1- 3 |  4- 6 |  7- 9 || total
-------------------------+-------+-------+-------++-------
Melee: Short sword       |    24 |    11 |       ||    35
       Bite              |     7 |     3 |       ||    10
       War axe           |       |     7 |       ||     7
Evoke: Wand              |       |     3 |     1 ||     4
  Use: Potion            |     1 |       |       ||     1
Armor: Leather armour    |     6 |     1 |       ||     7
       Scale mail        |       |     2 |       ||     2
Dodge: Dodged            |    10 |    20 |       ||    30

Table legend:
 A = Non-vault XP
 B = Vault XP
 C = Vault XP percentage of total XP
 D = Non-vault monster count
 E = Vault monster count
 F = Vault count percentage of total count
                 A         B        C        D         E       F
            +---------+---------+-------+---------+---------+-------
      Total |       0 |     728 | 100.0 |       0 |      15 | 100.0
            +---------+---------+-------+---------+---------+-------
          D |       0 |     728 | 100.0 |       0 |      15 | 100.0
            +---------+---------+-------+---------+---------+-------
